Map: Void Launch

Players

Velteif

  • Race: Protoss Protoss
  • Spawn Location: 6:00

NamroodTuo

  • Race: Zerg Zerg

VOD

Have the link to the VOD?

Description

Time

  • Played on: June 3, 2023, 5:24 a.m.
  • Length: 25:37
Show
View Real Time Build Order
Export as new Build Order

Velteif Protoss 

Build Orders:  

Get SALT Encoding   

  12  0:13  Probe (Chrono Boost)  
  13  0:27  Probe (Chrono Boost)  
  14  0:56  Probe (Chrono Boost)  
  15  1:25  Pylon  
  15  1:30  Pylon  
  15  1:34  Pylon  
  15  1:49  Probe (Chrono Boost)  
  15  1:53  Pylon  
  16  2:03  Probe (Chrono Boost)  
  17  2:10  Gateway  
  17  2:12  Gateway  
  17  2:16  Assimilator  
  17  2:17  Probe (Chrono Boost)  
  18  2:23  Assimilator  
  18  2:31  Probe (Chrono Boost)  
  19  2:45  Probe (Chrono Boost)  
  20  2:59  Probe (Chrono Boost)  
  21  3:13  Probe (Chrono Boost)  
  22  3:26  Probe (Chrono Boost)  
  23  3:40  Probe (Chrono Boost)  
  23  3:47  Supplicant x4  
  32  3:54  Probe (Chrono Boost)  
  33  4:05  Cybernetics Core  
  33  4:08  Probe (Chrono Boost)  
  34  4:11  Gateway  
  34  4:13  Gateway  
  34  4:22  Probe (Chrono Boost)  
  35  4:41  Probe (Chrono Boost)  
  36  5:05  Nexus  
  36  5:09  Assimilator  
  36  5:13  Assimilator  
  36  5:15  Probe (Chrono Boost)  
  37  5:29  Probe (Chrono Boost)  
  36  5:43  Probe (Chrono Boost)  
  37  5:57  Probe (Chrono Boost)  
  38  6:04  Robotics Facility  
  38  6:07  Robotics Facility  
  38  6:11  Probe (Chrono Boost)  
  39  6:25  Probe (Chrono Boost)  
  40  6:38  Probe (Chrono Boost)  
  41  6:43  Death Council  
  41  6:47  Forge  
  41  6:52  Probe (Chrono Boost)  
  41  6:56  Forge  
  42  7:03  Probe (Chrono Boost)  
  42  7:06  Probe (Chrono Boost)  
  44  7:16  Probe (Chrono Boost)  
  45  7:20  Probe (Chrono Boost)  
  46  7:30  Probe (Chrono Boost)  
  46  7:34  Probe (Chrono Boost)  
  46  7:35  Slayer  
  52  7:42  Slayer  
  52  7:44  Probe (Chrono Boost)  
  52  7:48  Probe (Chrono Boost)  
  54  7:58  Probe (Chrono Boost)  
  55  8:02  Probe (Chrono Boost)  
  60  8:12  Probe (Chrono Boost)  
  60  8:14  Slayer x2  
  60  8:16  Probe (Chrono Boost)  
  60  8:38  Probe (Chrono Boost)  
  60  8:39  Probe (Chrono Boost)  
  62  8:44  Protoss Air Weapons Level 1, Protoss Ground Weapons Level 1  
  62  8:45  Protoss Shields Level 1  
  62  8:48  Soul Augmentation  
  62  8:52  Cloaking Module  
  62  9:06  Ascendant Archives  
  62  9:13  Robotics Bay  
  62  9:26  Havoc x2  
  62  10:08  Mind Blast  
  62  10:16  Supplicant x2  
  62  10:17  Blood Shields  
  62  10:19  Supplicant x2  
  62  11:17  Phasing Armor  
  54  11:54  Supplicant x4  
  62  12:20  Pylon  
  62  12:21  Pylon  
  62  12:23  Pylon  
  62  12:25  Pylon  
  62  12:27  Pylon  
  62  12:28  Pylon x2  
  62  12:31  Pylon  
  62  12:33  Pylon  
  62  12:35  Pylon  
  62  12:37  Pylon  
  62  12:39  Pylon  
  62  12:41  Pylon  
  62  12:45  Supplicant x4  
  62  12:47  Phase Blink  
  62  12:49  Wraithwalker x2  
  82  12:54  Rapid Power Cycling  
  82  13:00  Protoss Air Weapons Level 2, Protoss Ground Weapons Level 2  
  82  13:01  Protoss Shields Level 2  
  82  13:23  Supplicant x2  
  82  13:24  Supplicant x2  
  82  13:27  Slayer  
  92  13:43  Ascendant  
  94  13:51  Supplicant x2  
  94  13:54  Aerial Tracking  
  94  13:57  Slayer  
  100  14:04  Supplicant x2, Wraithwalker x2  
  118  14:24  Slayer  
  118  14:32  Supplicant x2  
  120  14:54  Matter Dispersion  
  120  15:06  Ascendant x2  
  120  15:07  Ascendant  
  126  15:19  Vanguard x2  
  128  15:52  Supplicant x2  
  128  15:53  Fusion Mortars  
  132  16:00  Supplicant x2  
  132  16:01  Supplicant x2  
  132  16:02  Supplicant x2  
  144  16:14  Wraithwalker  
  150  16:24  Vanguard  
  150  16:25  Slayer  
  150  16:29  Havoc  
  159  16:30  Havoc  
  159  16:33  Slayer  
  160  17:02  Havoc  
  163  17:11  Slayer  
  163  17:25  Supplicant x2  
  163  17:27  Supplicant x2  
  165  17:57  Pylon  
  165  17:58  Pylon  
  165  18:01  Pylon  
  165  18:02  Pylon  
  165  18:05  Pylon  
  165  18:07  Pylon  
  165  18:08  Pylon  
  165  18:22  Supplicant x4  
  165  18:23  Supplicant x4  
  165  18:25  Protoss Air Weapons Level 3, Protoss Ground Weapons Level 3  
  165  18:26  Protoss Shields Level 3  
  181  18:50  Supplicant x2, Wraithwalker x2  
  181  18:55  Slayer  
  181  18:56  Havoc  
  198  19:05  Slayer  
  170  20:32  Pylon  
  170  20:33  Pylon  
  170  20:35  Pylon  
  170  20:37  Pylon  
  170  20:39  Pylon x2  
  168  20:40  Pylon  
  168  20:43  Pylon  
  168  20:45  Pylon  
  168  20:47  Pylon  
  160  20:50  Pylon x2  
  160  20:53  Pylon  
  160  20:55  Pylon  
  160  20:57  Pylon x2  
  160  20:58  Pylon  
  158  21:01  Pylon x2  
  158  21:10  Photon Cannon x2, Wraithwalker  
  158  21:12  Wraithwalker  
  162  21:30  Pylon  
  158  21:49  Pylon  
  148  22:03  Protoss Air Armor Level 1, Protoss Ground Armor Level 1  
  144  22:16  Photon Cannon  
  144  22:18  Photon Cannon  
  138  22:21  Photon Cannon  
  138  22:23  Photon Cannon  
  138  22:25  Photon Cannon  
  138  22:27  Photon Cannon  
  138  22:29  Photon Cannon  
  138  22:30  Photon Cannon  
  138  22:31  Photon Cannon x2  
  138  22:32  Photon Cannon  
  138  22:34  Photon Cannon  
  114  23:34  Ascendant x2, Wraithwalker x2  
  118  23:40  Ascendant x2  
  132  24:34  Slayer x2  
  132  24:39  Slayer  
  136  24:40  Slayer  
Show
View Real Time Build Order
Export as new Build Order

NamroodTuo Zerg 

Build Orders:  

Get SALT Encoding   

  12  0:20  Infested Barracks  
  12  0:26  Infested SCV  
  13  0:32  Infested SCV  
  13  0:39  Infested SCV  
  15  0:57  Overlord  
  15  1:24  Infestation Level 1, Infested SCV  
  16  1:32  Infested Refinery  
  16  1:33  Infested SCV  
  17  1:50  Infested Engineering Bay  
  17  2:01  Infested Refinery, Infested SCV  
  18  2:10  Infested SCV  
  18  2:15  Infested SCV  
  20  2:20  Infested SCV  
  21  2:37  Infested SCV  
  21  2:39  Overlord  
  22  2:44  Infested SCV  
  23  3:01  Infested Factory  
  23  3:07  Infested SCV  
  24  3:12  Infested Barracks Tech Lab  
  24  3:53  Retinal Augmentation  
  24  3:56  Infested SCV x3  
  27  4:03  Infested SCV  
  28  4:24  Infested Command Center  
  28  4:27  Infested Marine x2  
  28  4:28  Infested Marine  
  31  4:35  Overlord  
  31  4:55  Plagued Munitions  
  31  5:03  Stukov Infantry Weapons Level 1  
  31  5:05  Infested SCV  
  32  5:12  Infested Armory  
  29  6:34  Infested Command Center  
  29  6:35  Infested Bunker  
  29  6:36  Infested SCV x4  
  29  6:37  Infested SCV  
  38  6:48  Overlord x3  
  38  6:49  Infested SCV x2  
  40  7:11  Overlord  
  40  7:19  Aggressive Incubation  
  40  7:20  Overlord, Infested SCV  
  41  7:31  Overseer x4  
  41  7:42  Stukov Infantry Armor Level 1  
  41  7:43  Infested SCV  
  41  7:47  Infested SCV, Unknown  
  43  7:52  Infested Marine  
  43  7:53  Infested Refinery, Infested Marine x7  
  43  7:54  Infested Marine  
  43  7:55  Infested Refinery, Infested Marine  
  53  8:14  Infested Marine  
  54  8:31  Infested SCV  
  54  8:32  Infested SCV x2  
  57  8:44  Infestation Level 2  
  57  9:25  Infested Bunker  
  65  9:38  Infested SCV x3  
  59  9:52  Infested SCV x2  
  59  10:13  Infested Bunker  
  59  10:22  Stukov Infantry Weapons Level 2  
  59  10:23  Infested Marine x4  
  59  10:24  Infested Marine x16  
  79  10:44  Anaerobic Enhancement  
  86  11:31  Infested Bunker  
  86  11:35  Infested Bunker  
  85  11:44  Broodling Gestation  
  85  11:46  Infested Starport  
  85  11:50  Infested Starport  
  85  11:56  Stukov Vehicle and Ship Weapons Level 1  
  85  12:17  Infested Starport  
  67  12:20  Infested Starport  
  67  12:59  Infested Bunker  
  79  13:11  Infested Bunker  
  79  13:14  Infestation Level 3  
  79  13:16  Overlord x3  
  79  13:32  Regenerative Plating  
  79  13:45  Infested Liberator x2  
  79  13:46  Infested Liberator x2  
  91  13:50  Infested Bunker  
  91  14:00  Infested Starport, Infested Starport Tech Lab  
  91  14:03  Infested Marine  
  91  14:04  Infested Marine x17  
  109  14:32  Stukov Infantry Armor Level 2  
  109  14:36  Stukov Vehicle and Ship Armor Level 1  
  109  14:43  Viral Contamination  
  107  15:43  Cloud Dispersal  
  92  16:03  Infested Liberator  
  92  16:04  Infested Liberator x5  
  92  16:05  Infested Liberator x2  
  115  16:32  Unknown x4  
  115  16:37  Infested Liberator  
  118  16:41  Overlord x5  
  115  17:16  Stukov Vehicle and Ship Weapons Level 2  
  115  17:21  Infested Marine  
  115  17:22  Infested Marine x13  
  115  17:23  Infested Marine x6  
  135  17:35  Infested Bunker  
  135  17:39  Infested Bunker  
  143  17:42  Calcified Armor  
  143  17:56  Infested Bunker  
  147  18:00  Infested SCV x3  
  147  18:03  Overlord  
  147  18:06  Overlord  
  150  18:28  Overlord x2  
  150  18:29  Overlord x2  
  149  18:42  Stukov Infantry Weapons Level 3  
  131  19:04  Infested Liberator x4  
  131  19:05  Infested Liberator  
  145  19:51  Infested Marine  
  145  19:52  Infested Marine x15  
  145  19:53  Infested Marine x4  
  165  20:26  Stukov Vehicle and Ship Armor Level 2  
  173  20:49  Infested Bunker  
  177  20:51  Infested Bunker  
  177  20:53  Infested Bunker  
  157  21:49  Infested Marine  
  158  21:50  Infested Marine x19  
  158  21:59  Infested Bunker  
  185  22:07  Infested Bunker  
  172  22:42  Infested Marine  
  172  22:43  Infested Marine x9  
  172  22:48  Infested Bunker  
  168  22:58  Infested Bunker  
  164  23:13  Overlord x2  
  164  23:14  Overlord  
  164  23:15  Infested Liberator x5  
  164  23:16  Infested Liberator  
  182  23:21  Overseer x3  
  182  23:22  Overseer  
  181  23:38  Infested SCV  
  181  23:39  Overlord x2, Infested SCV x2  
  184  24:19  Infested Liberator x4  
  192  24:20  Infested Liberator x2  
  190  24:35  Infested Liberator x2  
  190  24:39  Infested Marine x2  
  197  25:07  Infested Marine  
  197  25:08  Infested Marine x2  
Tags
 
Commander
AlarakStukov
Matchup
Co-op
Replay Pack
Multiplayer
Add a new tag
Caveats
  • Supply blocks, unpowered buildings, or Contaminate may cause inaccurate times.
  • Supply counts are checked every 10 seconds.